[ AOE2 MATCH · #495336412 ]
UnrankedMongols vs Bohemians
Player's team · WIN
Rival team · LOSS
[ REPLAY ANALYSIS · EXTRACTED FROM THE RECORDED GAME ]
Feudal
9:04
Castle
21:11
Imperial
35:38
| APM avg | 38.4 |
| APM peak | 74 |
| eAPM avg | 12.7 |
| Villagers / military | 81 / 40 |
Focus
⚔️ 17.0% · 🌾 83.0%
Steppe Lancer ×15 · Mangudai ×11 · Scout Cavalry ×5 · Mangonel ×4 · Trebuchet (Packed) ×4 · Spearman ×1
Feudal
10:47
Castle
20:56
Imperial
—
| APM avg | 22.7 |
| APM peak | 50 |
| eAPM avg | 15.6 |
| Villagers / military | 93 / 30 |
Focus
⚔️ 30.7% · 🌾 69.3%
Hussite Wagon ×30
Match map
Initial resources + every placement click. Lines = walls · curves = elevation contours. ◆ gold · ⬟ stone · ● berries · ✦ relic · ◌ wall gap
Your base· Open — 3t gap
kabacrack's base· Open — unwalled flank
Smoothed initial terrain · ◌ = detected wall gap · hover for details
Inputs per minute
— NicoC - - kabacrack
Build order — NicoC
First 150 of 176 actions detected
| 0:02 | Create | Villager (Male) |
| 0:02 | Create | Villager (Male) |
| 0:02 | Create | Villager (Male) |
| 0:03 | Create | Villager (Male) |
| 0:04 | Build | House |
| 0:06 | Build | House |
| 1:25 | Create | Villager (Male) |
| 1:26 | Create | Villager (Male) |
| 1:48 | Build | Lumber Camp |
| 2:06 | Create | Villager (Male) |
| 2:07 | Create | Villager (Male) |
| 2:25 | Create | Villager (Male) |
| 2:26 | Create | Villager (Male) |
| 3:01 | Create | Villager (Male) |
| 3:01 | Create | Villager (Male) |
| 3:10 | Create | Villager (Male) |
| 3:11 | Create | Villager (Male) |
| 3:34 | Build | House |
| 3:53 | Create | Villager (Male) |
| 3:53 | Create | Villager (Male) |
| 4:02 | Build | Mill |
| 4:13 | Create | Villager (Male) |
| 4:49 | Create | Villager (Male) |
| 4:49 | Create | Villager (Male) |
| 4:49 | Create | Villager (Male) |
| 5:26 | Create | Villager (Male) |
| 5:46 | Research | Loom |
| 6:36 | Research | Feudal Age |
| 7:31 | Build | House |
| 7:36 | Build | Barracks |
| 8:15 | Create | Villager (Male) |
| 8:43 | Build | House |
| 9:04 | Age | Feudal Age |
| 9:13 | Build | Stable |
| 9:24 | Build | Mill |
| 9:28 | Create | Spearman |
| 9:31 | Create | Villager (Male) |
| 9:32 | Create | Villager (Male) |
| 9:34 | Create | Villager (Male) |
| 10:02 | Create | Scout Cavalry ×5 |
| 10:16 | Build | Palisade Wall |
| 10:20 | Create | Villager (Male) |
| 10:29 | Build | Farm |
| 10:33 | Build | Farm |
| 10:44 | Build | Palisade Wall |
| 10:46 | Build | Palisade Wall |
| 10:49 | Create | Villager (Male) |
| 11:24 | Create | Villager (Male) |
| 11:24 | Create | Villager (Male) |
| 11:27 | Build | Farm |
| 11:30 | Build | Farm |
| 11:57 | Build | House |
| 12:02 | Build | House |
| 12:14 | Create | Villager (Male) |
| 12:16 | Build | Farm |
| 12:22 | Build | House |
| 12:23 | Build | House |
| 12:54 | Create | Villager (Male) |
| 12:54 | Create | Villager (Male) |
| 12:56 | Build | Farm |
| 13:00 | Build | House |
| 13:03 | Build | Farm |
| 13:10 | Create | Villager (Male) |
| 13:17 | Build | Farm |
| 13:30 | Create | Villager (Male) |
| 14:34 | Build | Blacksmith |
| 14:36 | Build | Farm |
| 14:38 | Build | Farm |
| 14:45 | Research | Double-Bit Axe |
| 14:57 | Create | Villager (Male) |
| 15:00 | Build | Farm |
| 15:27 | Research | Forging |
| 15:34 | Build | House |
| 15:36 | Build | Farm |
| 15:36 | Create | Villager (Male) |
| 15:38 | Create | Villager (Male) |
| 15:39 | Create | Villager (Male) |
| 15:43 | Build | Mining Camp |
| 15:59 | Build | Palisade Wall |
| 16:03 | Build | Palisade Wall |
| 16:06 | Build | Palisade Wall |
| 16:13 | Build | Palisade Wall |
| 16:25 | Create | Villager (Male) |
| 17:09 | Create | Villager (Male) |
| 17:43 | Build | Market |
| 17:46 | Create | Villager (Male) |
| 18:23 | Build | Farm |
| 18:26 | Build | Farm |
| 18:31 | Research | Castle Age |
| 19:04 | Build | Stable |
| 19:16 | Research | Scale Barding Armor |
| 19:59 | Research | Bloodlines |
| 20:02 | Build | House |
| 21:11 | Age | Castle Age |
| 21:26 | Create | Steppe Lancer ×5 |
| 21:41 | Build | Town Center |
| 22:20 | Create | Steppe Lancer ×5 |
| 22:22 | Create | Villager (Male) |
| 22:23 | Create | Villager (Male) |
| 22:23 | Create | Villager (Male) |
| 22:23 | Create | Villager (Male) |
| 22:52 | Create | Villager (Male) |
| 22:53 | Create | Villager (Male) |
| 22:53 | Create | Villager (Male) |
| 23:12 | Build | Farm |
| 23:12 | Create | Villager (Male) |
| 23:12 | Create | Villager (Male) |
| 23:18 | Build | Mining Camp |
| 23:29 | Build | Siege Workshop |
| 23:54 | Build | Farm |
| 23:57 | Build | Farm |
| 23:58 | Create | Villager (Male) |
| 23:59 | Create | Villager (Male) |
| 23:59 | Create | Villager (Male) |
| 24:00 | Create | Villager (Male) |
| 24:00 | Create | Villager (Male) |
| 24:15 | Build | House |
| 24:28 | Build | Farm |
| 24:45 | Build | Farm |
| 24:48 | Build | Farm |
| 24:55 | Create | Mangonel |
| 25:08 | Build | Farm |
| 25:15 | Build | Outpost |
| 26:30 | Build | House |
| 26:46 | Build | Farm |
| 27:32 | Create | Villager (Male) |
| 27:32 | Create | Villager (Male) |
| 27:32 | Create | Villager (Male) |
| 29:36 | Build | Monastery |
| 30:00 | Create | Steppe Lancer ×5 |
| 30:22 | Create | Mangonel |
| 30:23 | Create | Mangonel |
| 30:47 | Build | Castle |
| 30:49 | Research | Fletching |
| 31:01 | Create | Villager (Male) |
| 31:02 | Create | Villager (Male) |
| 31:06 | Create | Villager (Male) |
| 31:06 | Create | Villager (Male) |
| 31:06 | Create | Villager (Male) |
| 31:06 | Create | Villager (Male) |
| 31:07 | Create | Villager (Male) |
| 31:08 | Create | Villager (Male) |
| 32:01 | Build | Mining Camp |
| 32:28 | Research | Imperial Age |
| 33:04 | Create | Mangudai ×3 |
| 33:04 | Create | Mangudai ×3 |
| 33:05 | Create | Mangudai ×4 |
| 33:05 | Create | Mangudai |
| 33:57 | Create | Mangonel |
| 34:22 | Research | Bodkin Arrow |
Build order — kabacrack
First 150 of 159 actions detected
| 0:03 | Create | Villager (Male) |
| 0:04 | Create | Villager (Male) |
| 0:04 | Create | Villager (Male) |
| 0:04 | Create | Villager (Male) |
| 0:05 | Create | Villager (Male) |
| 0:19 | Build | House |
| 0:20 | Build | House |
| 0:31 | Research | Loom |
| 0:36 | Create | Villager (Male) ×3 |
| 0:36 | Create | Villager (Male) ×3 |
| 0:36 | Create | Villager (Male) ×3 |
| 1:35 | Create | Villager (Male) |
| 1:35 | Create | Villager (Male) |
| 1:35 | Create | Villager (Male) |
| 2:17 | Create | Villager (Male) |
| 2:17 | Create | Villager (Male) |
| 2:34 | Create | Villager (Male) |
| 2:34 | Create | Villager (Male) |
| 3:06 | Create | Villager (Male) |
| 3:06 | Create | Villager (Male) |
| 3:10 | Build | Lumber Camp |
| 3:19 | Create | Villager (Male) |
| 3:19 | Create | Villager (Male) |
| 3:20 | Create | Villager (Male) |
| 3:47 | Create | Villager (Male) |
| 3:47 | Create | Villager (Male) |
| 3:54 | Build | House |
| 3:56 | Build | House |
| 4:04 | Create | Villager (Male) |
| 4:04 | Create | Villager (Male) |
| 4:35 | Create | Villager (Male) |
| 4:36 | Create | Villager (Male) |
| 5:11 | Create | Villager (Male) |
| 5:11 | Create | Villager (Male) |
| 5:43 | Create | Villager (Male) |
| 5:43 | Create | Villager (Male) |
| 6:04 | Build | Mill |
| 6:13 | Create | Villager (Male) |
| 6:13 | Create | Villager (Male) |
| 6:13 | Create | Villager (Male) |
| 6:13 | Create | Villager (Male) |
| 7:22 | Create | Villager (Male) |
| 7:25 | Create | Villager (Male) |
| 8:03 | Create | Villager (Male) |
| 8:22 | Research | Feudal Age |
| 8:40 | Build | Mill |
| 8:49 | Build | Mining Camp |
| 9:54 | Create | Villager (Male) |
| 10:00 | Build | House |
| 10:03 | Build | House |
| 10:47 | Age | Feudal Age |
| 10:48 | Build | Mining Camp |
| 10:53 | Create | Villager (Male) |
| 10:54 | Create | Villager (Male) |
| 10:58 | Research | Double-Bit Axe |
| 11:23 | Create | Villager (Male) |
| 11:36 | Research | Horse Collar |
| 11:58 | Create | Villager (Male) |
| 12:41 | Create | Villager (Male) |
| 13:12 | Create | Villager (Male) |
| 13:24 | Build | Watch Tower |
| 13:36 | Create | Villager (Male) |
| 13:45 | Create | Villager (Male) |
| 13:46 | Create | Villager (Male) |
| 14:43 | Create | Villager (Male) |
| 14:54 | Build | Watch Tower |
| 15:03 | Build | House |
| 15:30 | Build | Farm |
| 15:31 | Build | Farm |
| 15:31 | Build | Farm |
| 15:31 | Build | Farm |
| 15:31 | Build | Farm |
| 15:32 | Build | Farm |
| 15:42 | Build | Market |
| 15:47 | Create | Villager (Male) |
| 16:06 | Build | Farm |
| 16:10 | Build | Farm |
| 16:17 | Build | Farm |
| 17:32 | Build | Blacksmith |
| 17:34 | Create | Villager (Male) |
| 18:16 | Research | Castle Age |
| 19:13 | Build | Farm |
| 20:32 | Create | Villager (Male) |
| 20:32 | Create | Villager (Male) |
| 20:56 | Age | Castle Age |
| 21:00 | Create | Villager (Male) |
| 21:00 | Create | Villager (Male) |
| 21:00 | Create | Villager (Male) |
| 21:00 | Create | Villager (Male) |
| 21:45 | Create | Villager (Male) |
| 21:45 | Create | Villager (Male) |
| 22:02 | Build | Town Center |
| 22:12 | Build | Town Center |
| 22:30 | Research | Heavy Plow |
| 22:55 | Research | Fletching |
| 23:08 | Create | Villager (Male) |
| 23:13 | Create | Villager (Male) |
| 24:00 | Research | Bodkin Arrow |
| 24:02 | Create | Villager (Male) |
| 24:11 | Create | Villager (Male) |
| 24:31 | Build | House |
| 24:37 | Create | Villager (Male) |
| 25:06 | Create | Villager (Male) |
| 25:20 | Research | Town Watch |
| 25:30 | Create | Villager (Male) |
| 26:26 | Build | Castle |
| 26:42 | Create | Villager (Male) |
| 26:42 | Create | Villager (Male) |
| 26:45 | Create | Villager (Male) |
| 26:45 | Create | Villager (Male) |
| 27:25 | Create | Villager (Male) |
| 28:15 | Create | Villager (Male) |
| 28:15 | Create | Villager (Male) |
| 29:47 | Create | Villager (Male) |
| 29:48 | Create | Villager (Male) |
| 29:52 | Create | Villager (Male) |
| 29:52 | Create | Villager (Male) |
| 30:31 | Build | Town Center |
| 30:36 | Create | Villager (Male) |
| 30:47 | Create | Hussite Wagon |
| 30:56 | Create | Villager (Male) |
| 31:02 | Create | Villager (Male) |
| 31:57 | Build | Town Center |
| 32:04 | Create | Villager (Male) |
| 32:04 | Create | Villager (Male) |
| 32:20 | Research | Padded Archer Armor |
| 32:52 | Create | Hussite Wagon |
| 32:53 | Create | Hussite Wagon |
| 33:48 | Create | Villager (Male) |
| 33:50 | Create | Villager (Male) |
| 34:16 | Create | Villager (Male) |
| 34:19 | Create | Villager (Male) |
| 35:13 | Build | Town Center |
| 35:17 | Create | Villager (Male) |
| 35:38 | Build | Castle |
| 35:57 | Create | Hussite Wagon |
| 35:57 | Create | Hussite Wagon |
| 36:47 | Create | Hussite Wagon |
| 36:47 | Create | Hussite Wagon |
| 36:47 | Create | Hussite Wagon |
| 36:59 | Create | Villager (Male) |
| 37:30 | Create | Hussite Wagon |
| 37:31 | Create | Hussite Wagon |
| 37:47 | Build | Lumber Camp |
| 37:58 | Research | Leather Archer Armor |
| 38:01 | Create | Hussite Wagon |
| 38:01 | Create | Hussite Wagon |
| 38:32 | Create | Hussite Wagon |
| 38:33 | Create | Hussite Wagon |
| 39:45 | Create | Hussite Wagon ×3 |
Match timeline
| 7:36 | NicoC · first_building Barracks |
| 9:04 | NicoC · age_up feudal |
| 9:13 | NicoC · first_building Stable |
| 10:16 | NicoC · wall_segment Palisade Wall x4 |
| 10:44 | NicoC · wall_segment Palisade Wall x8 |
| 10:46 | NicoC · wall_segment Palisade Wall x7 |
| 10:47 | kabacrack · age_up feudal |
| 15:59 | NicoC · wall_segment Palisade Wall x5 |
| 16:03 | NicoC · wall_segment Palisade Wall x3 |
| 16:06 | NicoC · wall_segment Palisade Wall x4 |
| 16:13 | NicoC · wall_segment Palisade Wall x7 |
| 17:00 | kabacrack · first_market_buy 100 food |
| 17:06 | kabacrack · first_market_sell 100 stone |
| 20:56 | kabacrack · age_up castle |
| 21:11 | NicoC · age_up castle |
| 23:29 | NicoC · first_building Siege Workshop |
| 26:26 | kabacrack · first_building Castle |
| 29:36 | NicoC · first_building Monastery |
| 30:08 | NicoC · first_market_sell 100 food |
| 30:09 | NicoC · first_market_buy 100 wood |
| 30:47 | NicoC · first_building Castle |
| 35:38 | NicoC · age_up imperial |
| 42:09 | kabacrack · resign |
[ AI ANALYSIS · 1 CREDIT ]
What really happened in this match?
Wolo.gg analyzes every decision: build order, eco, micro, common mistakes by bracket. Personalized analysis on WhatsApp or Discord in 30 seconds.
Civ guide
Mongols
Perfil
Jugador #2667758